 Dungeon Crawl Stone Soup version 0.29.1-2-gbd0b4ee654 (webtiles) character file.

Game seed: 7251313402025917829

4 DemonSlayer the Firebug (level 1, 0/13 HPs)
             Began as a Demonspawn Fire Elementalist on Oct 31, 2022.
             Slain by a jackal (1 damage)
             ... on level 1 of the Dungeon.
             The game lasted 00:00:48 (495 turns).

DemonSlayer the Firebug (DsFE)                       Turns: 495, Time: 00:00:49

Health: 0/13       AC:  2    Str:  7    XL:     1   Next: 50%
Magic:  1/3        EV: 12    Int: 15    God:
Gold:   12         SH:  0    Dex: 17    Spells: 3/4 levels left

rFire   . . .      SeeInvis .   (no weapon)
rCold   . . .      Faith    .   (no shield)
rNeg    . . .      Spirit   .   a - +0 robe
rPois   .          Reflect  .   (no helmet)
rElec   .          Harm     .   (no cloak)
rCorr   .          Rampage  .   (no gloves)
Will    .....                   (no boots)
Stlth   ++........              (no amulet)
HPRegen 0.04/turn               (no ring)
MPRegen 0.08/turn               (no ring)

@: no status effects
A: talons 1, agile 1, screaming 1, no potion heal 1
a: no special abilities


You were on level 1 of the Dungeon.
You visited 1 branch of the dungeon, and saw 1 of its levels.

You collected 12 gold pieces.

Inventory:

Armour
 a - a +0 robe (worn)
Jewellery
 c - a +4 ring of slaying
Potions
 b - a potion of magic


   Skills:
 + Level 1.7 Dodging
 + Level 1.7 Stealth
 + Level 2.2 Spellcasting
 + Level 1.0 Conjurations
 + Level 2.8 Fire Magic


You had 3 spell levels left.
You knew the following spells:

 Your Spells              Type           Power      Damage    Failure   Level
a - Foxfire               Conj/Fire      28%        2x1d5     10%         1

Your spell library contained the following spells:

 Spells                   Type           Power      Damage    Failure   Level
 Scorch                   Fire           20%        2d6       11%         2
 Conjure Flame            Conj/Fire      7%         6-21      30%         3
 Inner Flame              Hex/Fire       5%         N/A       36%         3
 Flame Wave               Conj/Fire      7%         2d5       69%         4


Dungeon Overview and Level Annotations

Branches:
Dungeon (1/15)

Altars:


Innate Abilities, Weirdness & Mutations

You have sharp toenails.
You are agile. (Dex +4, Str/Int -1)
You occasionally shout uncontrollably at your foes.
Potions are less effective at restoring your health.


Message History

You hit the jackal but do no damage.
The foxfire hits the jackal but does no damage.
The foxfire hits the jackal.
The jackal is severely wounded.
The jackal closely misses you. x2; The jackal bites you.
The jackal misses you.
You conjure some foxfire!
The jackal bites you but does no damage.
There is not enough space to conjure foxfire!
You hit the jackal but do no damage.
The foxfire hits the jackal.
The jackal is moderately wounded.
The foxfire hits the jackal.
The jackal is lightly wounded.
The jackal bites you.
You miscast Foxfire.
You are very lightly contaminated with residual magic.
Nothing appears to happen.
The jackal bites you. The jackal barely misses you.
The jackal bites you but does no damage. x2
The jackal attacks as you move away! The jackal bites you.
* * * LOW HITPOINT WARNING * * *
The jackal bites you.
* * * LOW HITPOINT WARNING * * *
The jackal barely misses you.
It was a potion of mutation.
You feel extremely strange.
You feel the urge to shout.
You feel agile.
Your system partially rejects the healing effects of potions.
Your toenails lengthen and sharpen.
The jackal bites you.
* * * LOW HITPOINT WARNING * * *
You hit the jackal but do no damage. Your kick misses the jackal.
The jackal is lightly wounded.
The jackal closely misses you. x2
You closely miss the jackal.
The jackal is lightly wounded.
The jackal closely misses you.
Your magical contamination has completely faded away.
You hit the jackal but do no damage. You claw the jackal.
The jackal is almost dead.
The jackal bites you but does no damage.
The jackal bites you.
You die...

#.#.##..##.#.#
#.##.####.##.#
#.###....###.#
#...########'#
##...........#
###..######.###
#....# #.#
#.##†# #.# #.
#@# #.# # #h#
#.# ###.##S###
#.# #....hh$.#
#.# #.#.##.#.#
#.# .. ..#.#
#.# ## #... #
#.####### #....
#........
######
#########


You could see 3 jackals and a ball python.

Vanquished Creatures
  A dart slug (D:1)
  A frilled lizard (D:1)
  A rat (D:1)
3 creatures vanquished.

Vanquished Creatures (others)
  15 foxfires (D:1)
15 creatures vanquished.

Grand Total: 18 creatures vanquished

Notes
Turn   | Place    | Note
-------+----------+-------------------------------------------
     0 | D:1      | DemonSlayer the Demonspawn Fire Elementalist began the
                  | quest for the Orb.
     0 | D:1      | Reached XP level 1. HP: 13/13 MP: 3/3
   492 | D:1      | Gained mutation: You occasionally shout uncontrollably at
                  | your foes. [potion of mutation]
   492 | D:1      | Gained mutation: You are agile. (Dex +4, Str/Int -1)
                  | [potion of mutation]
   492 | D:1      | Gained mutation: Potions are less effective at restoring
                  | your health. [potion of mutation]
   492 | D:1      | Gained mutation: You have sharp toenails. [potion of
                  | mutation]
   495 | D:1      | Slain by a jackal

Illustrated notes

Levels and vault maps discovered:
D:1:      roderic_lyre, layout_basic, minmay_crystal_water

Action                   || total
-------------------------++-------
Melee: Unarmed           ||    39
       Kick              ||     1
       Punch             ||     1
 Cast: Foxfire           ||    12
  Use: Potion            ||     1
Armor: Robe              ||    10
Dodge: Dodged            ||    27
